 Dungeon Crawl Stone Soup version 0.25-a0-733-gf7d8cd8a05 (webtiles) character file.

Game seed: 14355707848394009263, levelgen mode: deterministic

55247 MisterFreud the Brawler (level 14, -1/143 HPs)
             Began as a Troll Hunter on Apr 9, 2020.
             Was the Champion of Ru.
             Killed from afar by a rime drake (27 damage)
             ... with a flash freeze
             ... on level 6 of the Lair of Beasts.
             The game lasted 00:38:44 (17170 turns).

MisterFreud the Brawler (Troll Hunter)             Turns: 17170, Time: 00:38:46

Health: -1/143     AC: 16    Str: 29    XL:     14   Next: 37%
Magic:  13/13      EV:  8    Int:  7    God:    Ru [******]
Gold:   2685       SH:  0    Dex: 17    Spells: 13/13 levels left

rFire    . . .     SeeInvis .     - Unarmed
rCold    + . .     Gourm    +   (no shield)
rNeg     . . .     Faith    .   O - +3 troll leather armour {Snorg}
rPois    .         Spirit   .   (helmet restricted)
rElec    +         Reflect  .   Q - +2 cloak of Beogh's Envy {rElec Str+2}
rCorr    .         Harm     .   (gloves unavailable)
MR       +....                  (boots unavailable)
Stlth    +.........             R - amulet of Descent {Acrobat +Blink Dex+3}
HPRegen  1.13/turn              o - ring of protection from cold
MPRegen  0.13/turn              V - ring "Boicar" {Dex+4 Slay+2}

@: lethally poisoned (-1 -> -2)
A: large, unfitting armour, claws 3, fast metabolism 3, gourmand, regeneration
1, shaggy fur 1, tough skin 3, inability to use devices, no conjurations magic,
no earth magic, no transmutations magic, reduced EV 1, inexperienced 1
a: Draw Out Power, Power Leap, Apocalypse, Renounce Religion


You were on level 6 of the Lair of Beasts.
You worshipped Ru.
Ru was exalted by your worship.
You were very full.

You visited 3 branches of the dungeon, and saw 22 of its levels.
You also visited: Sewer and Gauntlet.

You collected 2685 gold pieces.

Inventory:

Missiles
 c - 22 large rocks (quivered)
 d - 3 throwing nets
 i - 81 poisoned darts
 p - 11 atropa-tipped darts
 w - 6 boomerangs of dispersal
 J - 8 boomerangs
 L - 7 curare-tipped darts
 P - 7 javelins
 S - 19 silver javelins
Armour
 A - +0 steam dragon scales
 N - a +1 robe of magic resistance
 O - a +3 troll leather armour (worn) {Snorg}
 Q - the +2 cloak of Beogh's Envy (worn) {rElec Str+2}
   (You found it in a Gauntlet)

   It affects your strength (+2).
   It insulates you from electricity.
Jewellery
 o - a ring of protection from cold (left claw)
 s - an uncursed ring of stealth
 z - an uncursed amulet of harm
 G - a cursed amulet of inaccuracy {unknown}
 R - the amulet of Descent (around neck) {Acrobat +Blink Dex+3}
   (You acquired it on level 6 of the Lair of Beasts)

   [amulet of the acrobat]

   It helps you evade while moving and waiting.
   It affects your dexterity (+3).
   It lets you blink.
 T - an uncursed ring of ice
 V - the ring "Boicar" (right claw) {Dex+4 Slay+2}
   (You found it in a Gauntlet)

   [ring of slaying]

   It affects your dexterity (+4).
   It affects your accuracy and damage with ranged weapons and melee attacks
   (+2).
 W - an uncursed ring of positive energy
 Y - an uncursed ring of protection from cold
Scrolls
 a - 11 scrolls of remove curse
 e - 6 scrolls of fog
 k - 5 scrolls of identify
 n - 8 scrolls of blinking
 r - 7 scrolls of teleportation
 t - 3 scrolls of amnesia
 u - 4 scrolls of immolation {unknown}
 v - 4 scrolls of random uselessness {unknown}
 x - 6 scrolls of enchant armour
 y - 7 scrolls of fear {unknown}
 D - 2 scrolls of holy word {unknown}
 F - a scroll of summoning {unknown}
 I - 3 scrolls of magic mapping
Potions
 b - a potion of resistance
 g - 17 potions of curing
 h - 2 potions of stabbing
 j - 2 potions of heal wounds
 l - 8 potions of might
 m - 6 potions of brilliance
 q - a potion of mutation
 B - 3 potions of lignification
 E - 2 potions of magic
 H - 5 potions of haste
 K - 2 potions of flight
 M - 3 potions of berserk rage
 Z - 2 potions of cancellation
Comestibles
 f - 50 rations


   Skills:
 - Level 10.2 Fighting
 + Level 8.8 Throwing
 * Level 9.5 Armour
 - Level 6.0 Dodging
 - Level 0.3 Stealth
 + Level 16.5 Unarmed Combat


You had 13 spell levels left.
You didn't know any spells.
Your spell library contained the following spells:

 Spells                   Type           Power        Failure   Level  Hunger
 Animate Skeleton         Necr           N/A          45%         1    ##.....
 Freeze                   Ice            #...         45%         1    ##.....
 Infusion                 Chrm           #...         45%         1    ##.....
 Pain                     Necr           #...         45%         1    ##.....
 Blink                    Tloc           N/A          58%         2    ###....
 Call Imp                 Summ           #.......     58%         2    ###....
 Slow                     Hex            #.......     58%         2    ###....
 Confusing Touch          Hex            #.......     83%         3    ####...
 Frozen Ramparts          Ice            #.....       83%         3    ####...
 Gell's Gravitas          Tloc           #.........   83%         3    ####...
 Ozocubu's Armour         Chrm/Ice       #.......     83%         3    ####...
 Vampiric Draining        Necr           #.........   83%         3    ####...
 Animate Dead             Necr           N/A          99%         4    #####..
 Summon Ice Beast         Ice/Summ       #.......     99%         4    #####..
 Agony                    Necr           #.......     100%        5    ######.
 Metabolic Englaciation   Hex/Ice        #.........   100%        5    ######.
 Beastly Appendage        Tmut           Unusable     N/A         1    N/A
 Magic Dart               Conj           Unusable     N/A         1    N/A
 Sandblast                Erth           Unusable     N/A         1    N/A
 Shock                    Conj/Air       Unusable     N/A         1    N/A
 Passwall                 Tmut/Erth      Unusable     N/A         2    N/A
 Searing Ray              Conj           Unusable     N/A         2    N/A
 Conjure Flame            Conj/Fire      Unusable     N/A         3    N/A
 Dazzling Flash           Conj/Hex       Unusable     N/A         3    N/A
 Mephitic Cloud           Conj/Pois/Air  Unusable     N/A         3    N/A
 Stone Arrow              Conj/Erth      Unusable     N/A         3    N/A
 Fulminant Prism          Conj/Hex       Unusable     N/A         4    N/A
 Hailstorm                Conj/Ice       Unusable     N/A         4    N/A
 Iskenderun's Mystic Bla  Conj/Tloc      Unusable     N/A         4    N/A
 Petrify                  Tmut/Erth      Unusable     N/A         4    N/A
 Lee's Rapid Deconstruct  Erth           Unusable     N/A         5    N/A
 Yara's Violent Unravell  Hex/Tmut       Unusable     N/A         5    N/A

Dungeon Overview and Level Annotations

Branches:
Dungeon (15/15)            Temple (0/1) D:7            Lair (6/6) D:10
  Swamp (0/4) Lair:4       Spider (0/4) Lair:3        Slime (0/5) Lair:6
    Orc (1/2) D:10         Vaults (0/5) D:13          Sewer (visited)
Gauntlet (visited)
 Depths: D:15

Altars:
Cheibriados
Dithmenos
Makhleb
Ru
Trog
Uskayaw
Vehumet
Wu Jian

Shops:
D:4 *   D:5 %   D:14 *


Innate Abilities, Weirdness & Mutations

You are too large for most types of armour.
You have claws for hands.
Your metabolism is lightning-fast.
You like to eat raw meat.
Your natural rate of healing is unusually fast.
You are covered in fur. (AC +1)
You have extremely tough skin. (AC +3)
You cannot study or use magical devices.
You cannot study or cast Conjurations magic.
You cannot study or cast Earth magic.
You cannot study or cast Transmutations magic.
You have somewhat slow reflexes. (EV -5)
You are somewhat inexperienced. (-2 XL)


Message History

The rime drake begins to attack, but is stunned by your will!
You can move again.
Unknown command.
You feel sick.
A spriggan comes into view. It is wielding a +0 dagger.
The rime drake closely misses you.
You feel sick.
The spriggan hits you with a +0 short sword!
* * * LOW HITPOINT WARNING * * *
You focus your will and illuminate the spriggan in retribution!
The hornet stings you.
* * * LOW HITPOINT WARNING * * *
You shrug off the repeated paralysis!
You feel much better.
You feel sick.
The spriggan shouts!
The hornet is stunned by your will and fails to attack.
The spriggan barely misses you. The rime drake breathes ice at you.
The flash freeze hits you!! You partially resist.
You die...

#..........#.........†.......
P......#...#.................
....<.##.....................
.............................
......P......................
...................).........
.#..........y................
P............i...............
..[........<@yh..............
.......P.#...k.........P.....
...................#.....#...
.............................
.......i....................
...........................
..........................
.......)..$..............
...............


You could see a rime drake, 2 hornets, 2 spriggans and a wolf.

Vanquished Creatures
  Kirke (D:12)
  A minotaur (Gauntlet)
  Snorg (D:10)
  A fire dragon (D:14)
  Fannar (D:12)
  Erolcha (D:10)
  3 hydras
  4 vault guards (D:13)
  2 catoblepae
  A centaur warrior (D:13)
  3 two-headed ogres
  Urug (D:12)
  Sonja (D:10)
  3 unseen horrors
  2 wizards (Gauntlet)
  10 ugly things
  3 cyclopes (D:13)
  An oklob plant (Lair:2)
  2 manticores
  3 elephants (Lair:6)
  6 black mambas
  A gargoyle (D:13)
  Joseph (D:8)
  Maggie (D:8)
  A centaur skeleton (D:13)
  A kobold demonologist (D:12)
  8 spiny frogs
  A rime drake (Lair:5)
  2 komodo dragons
  6 trolls
  3 polar bears
  3 hornets
  5 dream sheep
  17 blink frogs
  A raiju (Gauntlet)
  11 hippogriffs
  A shadow (D:13)
  Sigmund (D:6)
  8 spriggans
  2 wyverns
  35 yaks
  4 hogs (D:12)
  8 vampire mosquitoes
  A basilisk (Lair:4)
  A hungry ghost (D:9)
  A steam dragon (D:7)
  5 porcupines
  8 water moccasins
  9 orc warriors
  3 sky beasts
  3 ice beasts
  4 necrophages
  3 black bears
  3 eyes of draining
  5 ogres
  2 boggarts (Lair:6)
  9 centaurs
  23 wolves
  12 crocodiles
  7 big kobolds
  17 bullfrogs
  2 wyvern skeletons (D:10)
  8 killer bees
  2 scorpions
  3 howler monkeys
  10 wights
  An electric eel (Lair:4)
  A bullfrog zombie (D:7)
  7 crimson imps
  3 bullfrog skeletons
  4 centaur zombies
  8 hounds
  10 orc priests
  2 jellies (D:9)
  14 orc wizards
  5 iguanas
  Jessica (D:2)
  Crazy Yiuf (D:7)
  Ijyb (D:5)
  14 worker ants
  A lightning spire (Gauntlet)
  A hound zombie (D:11)
  3 hound skeletons
  A worker ant zombie (D:11)
  7 gnolls
  13 adders
  5 shadow imps
  4 white imps (Gauntlet)
  3 oozes (Sewer)
  An adder zombie (D:8)
  4 worms
  A dart slug (D:1)
  10 leopard geckos
  35 orcs
  11 bats
  6 giant cockroaches
  7 goblins
  9 hobgoblins
  12 jackals
  21 kobolds
  9 quokkas
  2 ball pythons
  7 frilled lizards
  A jackal zombie (D:7)
  A leopard gecko skeleton (D:4)
  13 rats
  A fungus (Lair:2)
  A plant (Gauntlet)
575 creatures vanquished.

Vanquished Creatures (others)
  A hydra (Lair:5)
  An unseen horror (D:13)
  A gargoyle (Gauntlet)
  A crocodile (Lair:4)
  19 fungi
  7 plants
30 creatures vanquished.

Grand Total: 605 creatures vanquished

Notes
Turn   | Place    | Note
-------+----------+-------------------------------------------
     0 | D:1      | MisterFreud the Troll Hunter began the quest for the Orb.
     0 | D:1      | Reached XP level 1. HP: 19/19 MP: 0/0
    28 | D:1      | Reached skill level 1 in Unarmed Combat
    73 | D:1      | Reached XP level 2. HP: 27/27 MP: 1/1
    88 | D:1      | Reached skill level 2 in Unarmed Combat
   417 | D:1      | Reached XP level 3. HP: 29/33 MP: 2/2
   661 | D:2      | Reached skill level 3 in Unarmed Combat
   866 | D:2      | Reached XP level 4. HP: 41/41 MP: 3/3
   969 | D:2      | Noticed Jessica
   998 | D:2      | Killed Jessica
   998 | D:2      | Reached skill level 4 in Unarmed Combat
  1240 | D:3      | Reached XP level 5. HP: 48/48 MP: 4/4
  1249 | D:3      | Reached skill level 5 in Unarmed Combat
  1310 | D:3      | Found a radiant altar of Vehumet.
  1382 | D:3      | You fall into a shaft and drop 3 floors!
  1402 | D:5      | Entered Level 5 of the Dungeon
  1419 | D:5      | Reached XP level 6. HP: 50/55 MP: 5/5
  1421 | D:5      | Reached skill level 6 in Unarmed Combat
  1437 | D:4      | Found a burning altar of Makhleb.
  1620 | D:4      | Found a glowing drain.
  1638 | Sewer    | Entered a sewer
  1708 | Sewer    | Reached XP level 7. HP: 51/67 MP: 6/6
  1998 | D:4      | Found Ulenkom's General Store.
  2017 | D:4      | Found a bloodstained altar of Trog.
  2024 | D:4      | Found an ornate altar of the Wu Jian Council.
  2288 | D:3      | Found a sacrificial altar of Ru.
  3085 | D:5      | Found Bysmuzep's Food Shoppe.
  3110 | D:5      | Noticed Ijyb
  3197 | D:5      | Killed Ijyb
  3286 | D:5      | Reached XP level 8. HP: 75/78 MP: 7/7
  3457 | D:5      | Found a shadowy altar of Dithmenos.
  3609 | D:3      | Became a worshipper of Ru the Awakened
  3953 | D:5      | Reached skill level 7 in Unarmed Combat
  3967 | D:5      | Reached skill level 5 in Fighting
  4022 | D:6      | Noticed Sigmund
  4031 | D:6      | Killed Sigmund
  4031 | D:6      | Reached skill level 5 in Throwing
  4036 | D:6      | Identified An Introduction to Secret Knowledge
  4786 | D:7      | Reached skill level 8 in Unarmed Combat
  4786 | D:7      | Reached XP level 9. HP: 88/88 MP: 8/8
  4974 | D:7      | Found a staircase to the Ecumenical Temple.
  5023 | D:7      | Gained mutation: You cannot study or cast Earth magic. [Ru
                  | sacrifice]
  5023 | D:7      | Gained mutation: You cannot study or cast Transmutations
                  | magic. [Ru sacrifice]
  5023 | D:7      | Gained mutation: You cannot study or cast Conjurations
                  | magic. [Ru sacrifice]
  5023 | D:7      | Reached * piety under Ru
  5110 | D:7      | Found a hide-covered altar of Uskayaw.
  5292 | D:7      | Reached skill level 9 in Unarmed Combat
  5299 | D:7      | You fall into a shaft and drop 2 floors!
  5551 | D:10     | Entered Level 10 of the Dungeon
  5590 | D:10     | Found a staircase to the Orcish Mines.
  5642 | D:10     | Noticed Sonja
  5655 | D:9      | Reached skill level 10 in Unarmed Combat
  5822 | D:8      | Noticed Maggie
  5844 | D:8      | Killed Maggie
  5949 | D:8      | Reached XP level 10. HP: 52/98 MP: 9/9
  6059 | D:8      | Reached skill level 5 in Dodging
  6199 | D:7      | Found a runed translucent door.
  6200 | D:7      | Noticed Crazy Yiuf
  6205 | D:7      | Killed Crazy Yiuf
  6240 | D:8      | Noticed Joseph
  6245 | D:8      | Killed Joseph
  6256 | D:8      | Found a snail-covered altar of Cheibriados.
  6321 | D:8      | Gained mutation: You cannot study or use magical devices.
                  | [Ru sacrifice]
  6321 | D:8      | Reached ** piety under Ru
  6321 | D:8      | Reached *** piety under Ru
  7819 | D:10     | Killed Sonja
  7819 | D:10     | Reached XP level 11. HP: 115/115 MP: 10/10
  8045 | D:10     | Noticed Snorg
  8294 | D:10     | Gained mutation: You are somewhat inexperienced. (-2 XL)
                  | [Ru sacrifice]
  8294 | D:10     | Reached XP level 10. HP: 109/109 MP: 9/9
  8294 | D:10     | Reached XP level 9. HP: 101/101 MP: 8/8
  8294 | D:10     | Reached **** piety under Ru
  8294 | D:10     | Reached ***** piety under Ru
  8545 | D:10     | Killed Snorg
  8545 | D:10     | Reached skill level 10 in Fighting
  8795 | D:10     | Found a staircase to the Lair.
  8854 | D:10     | Noticed Erolcha
  8863 | D:10     | Killed Erolcha
  8863 | D:10     | Reached XP level 10. HP: 106/110 MP: 9/9
  8940 | Orc:1    | Entered Level 1 of the Orcish Mines
  8968 | D:11     | Noticed a two-headed ogre
  9242 | D:11     | Killed an unseen horror
  9242 | D:11     | Reached skill level 11 in Unarmed Combat
  9390 | D:11     | Noticed a seven-headed hydra
  9402 | D:11     | Killed a seven-headed hydra
  9437 | D:11     | Found a gate leading to a gauntlet.
  9450 | D:11     | Reached skill level 12 in Unarmed Combat
  9465 | Gauntlet | Entered a Gauntlet
  9465 | Gauntlet | Found a transporter.
  9465 | Gauntlet | Found a transporter.
  9465 | Gauntlet | Found a transporter.
  9465 | Gauntlet | Noticed a gargoyle
  9465 | Gauntlet | Noticed a catoblepas
  9469 | Gauntlet | Found a transporter.
  9469 | Gauntlet | Found a transporter.
  9470 | Gauntlet | Found a transporter.
  9476 | Gauntlet | Noticed a wizard
  9483 | Gauntlet | Found a transporter.
  9485 | Gauntlet | Found a transporter.
  9491 | Gauntlet | Noticed a wizard
  9500 | Gauntlet | Found a transporter.
  9514 | Gauntlet | Found a transporter.
  9514 | Gauntlet | Noticed a balrug
  9528 | Gauntlet | Found a transporter.
  9532 | Gauntlet | Found a transporter.
  9533 | Gauntlet | Noticed a reaper
  9578 | Gauntlet | Killed a gargoyle
  9585 | Gauntlet | Killed a catoblepas
  9585 | Gauntlet | Reached XP level 11. HP: 109/118 MP: 10/10
  9619 | Gauntlet | Killed a wizard
  9624 | Gauntlet | Killed a wizard
  9776 | Gauntlet | Got a faintly humming cloak
  9787 | Gauntlet | Identified the +2 cloak of Beogh's Envy {rElec Str+2} (You
                  | found it in a Gauntlet)
  9812 | Gauntlet | Noticed a minotaur
  9823 | Gauntlet | Killed a minotaur
  9823 | Gauntlet | Reached skill level 13 in Unarmed Combat
  9836 | Gauntlet | Got a slimy lead ring
  9837 | Gauntlet | Identified the ring "Boicar" {Dex+4 Slay+2} (You found it
                  | in a Gauntlet)
  9925 | D:11     | Killed a two-headed ogre
 10187 | D:12     | Noticed a white ugly thing
 10192 | D:12     | Killed a white ugly thing
 10247 | D:12     | Gained mutation: You have somewhat slow reflexes. (EV -5)
                  | [Ru sacrifice]
 10247 | D:12     | Reached ****** piety under Ru
 10457 | D:12     | Noticed Kirke
 10470 | D:12     | Reached skill level 14 in Unarmed Combat
 10486 | D:12     | Killed Kirke
 10595 | D:12     | Noticed a white ugly thing
 10599 | D:12     | Killed a white ugly thing
 10599 | D:12     | Reached XP level 12. HP: 126/126 MP: 11/11
 10625 | D:12     | Noticed Fannar
 10646 | D:12     | Killed Fannar
 10648 | D:12     | Reached skill level 15 in Unarmed Combat
 10698 | D:12     | Noticed Urug
 10706 | D:12     | Killed Urug
 10706 | D:12     | Reached skill level 1 in Armour
 10972 | D:13     | Noticed a vault guard
 10972 | D:13     | Noticed a vault guard
 10974 | D:13     | Noticed a vault guard
 10975 | D:13     | Noticed a centaur warrior
 10976 | D:13     | Noticed a vault guard
 10990 | D:13     | Killed a vault guard
 10995 | D:13     | Killed a centaur warrior
 11002 | D:13     | Killed a vault guard
 11011 | D:13     | Killed a vault guard
 11017 | D:13     | Killed a vault guard
 11047 | D:13     | Noticed a two-headed ogre
 11063 | D:13     | Found a gate to the Vaults.
 11069 | D:13     | Killed a two-headed ogre
 11280 | D:13     | Reached skill level 5 in Armour
 11528 | D:13     | Found a bloodstained altar of Trog.
 11532 | D:13     | Reached XP level 13. HP: 133/133 MP: 12/12
 12032 | D:14     | Found Ytyuph's Demolitions Depot.
 12584 | D:14     | Identified a scroll of acquirement
 12585 | D:14     | Identified the +0 hat "Hevemof" {Int+3} (You acquired it on
                  | level 14 of the Dungeon)
 12823 | D:15     | Entered Level 15 of the Dungeon
 12825 | D:15     | Noticed a fire dragon
 12853 | D:14     | Killed a fire dragon
 12995 | Lair:1   | Entered Level 1 of the Lair of Beasts
 14284 | Lair:2   | You fall into a shaft and drop 1 floor!
 14289 | Lair:3   | Reached skill level 16 in Unarmed Combat
 14445 | Lair:3   | Found a hole to the Spider Nest.
 15020 | Lair:4   | Found a staircase to the Swamp.
 15639 | Lair:4   | Reached XP level 14. HP: 143/143 MP: 13/13
 16711 | Lair:6   | Entered Level 6 of the Lair of Beasts
 16711 | Lair:6   | Found a staircase to the Slime Pits.
 17013 | Lair:6   | Identified the amulet of Descent {Acrobat +Blink Dex+3}
                  | (You acquired it on level 6 of the Lair of Beasts)
 17160 | Lair:6   | Paralysed by a hornet for 2 turns
 17166 | Lair:6   | Paralysed by a hornet for 2 turns
 17169 | Lair:6   | HP: 6/143 [hornet (3)]
 17170 | Lair:6   | Killed from afar by a rime drake

Levels and vault maps discovered:
D:1:      wander_arrival_desolate, layout_basic
D:2:      layout_rooms, first_ration, uniq_jessica
D:3:      layout_basic, nicolae_overflow_hidden_temple, vehumet_crystals
D:4:      layout_loops_ring, minitemple, portal_sewer_entry_f, serial_shops,
          shop, makhleb_heckhound_becter
D:5:      minmay_angry_zag, layout_basic, nicolae_overflow_crystal_walls,
          serial_shops, nicolae_shop_waterfront, uniq_ijyb
D:6:      layout_basic, uniq_sigmund
D:7:      layout_rooms, marbit_many_paths, minmay_temple_entry_offerings,
          grunt_ogre_cave, uniq_crazy_yiuf_cottage
D:8:      layout_basic, cheibrodos_worm_habitat, uniq_maggie, uniq_joseph
D:9:      layout_roguey
D:10:     layout_stronghold, grunt_lair_entry_orc_guard_hut, david_orc_3,
          uniq_snorg, uniq_erolcha, uniq_sonja
D:11:     layout_roguey, gauntlet_entry_generic, portal_ice_cave_entry_pillars_2
D:12:     layout_roguey, uniq_fannar, uniq_kirke, uniq_urug
D:13:     layout_rooms, lightli_vaults_fourway_checkpoint, trog_ov_bears_minmay
D:14:     layout_basic, minmay_staircase_windowed_small, nicolae_blasting_shop,
          kennysheep_nondescript
D:15:     grunt_enter_depths_snipers, layout_cave_pools, serial_bayou_lagoon_a,
          serial_undead, serial_undead_e, serial_undead_d, serial_undead_a,
          serial_undead_e
Lair:1:   layout_roguey
Lair:2:   layout_hall_layers, minmay_lair_oklob_items, lemuel_fruit_tree
Lair:3:   layout_chaotic_city, dummy_spider_entry
Lair:4:   layout_regular_city, minmay_swamp_entry_swarm
Lair:5:   layout_regular_city
Lair:6:   minmay_lair_end_enchanted_forest, layout_cave_shapes, slime_dummy
Orc:1:    layout_diamond_mine, uniq_gastronok, uniq_josephine, uniq_erica

Skill      XL: |  1  2  3  4  5  6  7  8  9 10 11 12 13 14 |
---------------+-------------------------------------------+-----
Unarmed Combat | 1 2 3 4 5 6 8 10 12 14 15 16 | 16.5
Fighting       | 3 4 5 10 9 | 10.2
Throwing       | 4 5 6 8 |  8.8
Dodging        | 4 6 |  6.0
Armour         | 5 8 9 |  9.5
Stealth        | |  0.3

Action                   |  1- 3 |  4- 6 |  7- 9 | 10-12 | 13-15 || total
-------------------------+-------+-------+-------+-------+-------++-------
Melee: Unarmed           |   136 |   134 |   388 |   623 |   479 ||  1760
       Punch             |       |     2 |    14 |    49 |    39 ||   104
Throw: Large rock        |       |       |     3 |    18 |     6 ||    27
       Throwing net      |       |       |       |     1 |       ||     1
Invok: Sacrifice Arcana  |       |       |     1 |       |       ||     1
       Sacrifice Experie |       |       |     1 |       |       ||     1
       Sacrifice Artific |       |       |       |     1 |       ||     1
       Sacrifice Health  |       |       |       |     1 |       ||     1
Evoke: Wand              |       |       |     6 |       |       ||     6
  Use: Scroll            |     4 |     2 |     8 |     2 |    10 ||    26
       Potion            |       |       |     8 |       |     1 ||     9
 Stab: Sleeping          |       |     2 |     1 |     1 |       ||     4
       Invisible         |       |       |     2 |     6 |    14 ||    22
       Paralysed         |       |       |       |     5 |     8 ||    13
       Distracted        |       |       |       |     4 |     1 ||     5
  Eat: Chunk             |    12 |     9 |    41 |    51 |    48 ||   161
       Ration            |       |       |       |       |     1 ||     1
Armor: Robe              |    51 |    50 |    87 |       |       ||   188
       Steam dragon scal |       |       |    17 |    60 |       ||    77
       Skin              |       |       |     8 |       |       ||     8
       Troll leather arm |       |       |       |   210 |   283 ||   493
Dodge: Dodged            |    97 |    68 |   210 |   238 |   176 ||   789

Table legend:
 A = Non-vault XP
 B = Vault XP
 C = Vault XP percentage of total XP
 D = Non-vault monster count
 E = Vault monster count
 F = Vault count percentage of total count
                 A         B        C        D         E       F
            +---------+---------+-------+---------+---------+-------
      Total |   61288 |   27336 |  30.8 |     454 |     123 |  21.3
            +---------+---------+-------+---------+---------+-------
        D:1 |      47 |       0 |   0.0 |      29 |       0 |   0.0
        D:2 |     100 |      37 |  27.0 |      29 |       1 |   3.3
        D:3 |      82 |       0 |   0.0 |      19 |       0 |   0.0
        D:4 |     374 |      59 |  13.6 |      14 |       7 |  33.3
        D:5 |     588 |     174 |  22.8 |      16 |       4 |  20.0
        D:6 |     740 |     220 |  22.9 |      12 |       1 |   7.7
        D:7 |     754 |     249 |  24.8 |      17 |       3 |  15.0
        D:8 |    1240 |     839 |  40.4 |      22 |       3 |  12.0
        D:9 |    4176 |       0 |   0.0 |      49 |       0 |   0.0
       D:10 |    1920 |    3920 |  67.1 |      26 |      12 |  31.6
       D:11 |    4656 |       0 |   0.0 |      35 |       0 |   0.0
       D:12 |    4718 |    4592 |  49.3 |      29 |       7 |  19.4
       D:13 |    7158 |    6687 |  48.3 |      27 |      14 |  34.1
       D:14 |    6620 |       0 |   0.0 |      14 |       0 |   0.0
     Lair:1 |    3654 |       0 |   0.0 |      14 |       0 |   0.0
     Lair:2 |    3490 |     527 |  13.1 |      14 |       1 |   6.7
     Lair:3 |    6079 |       0 |   0.0 |      23 |       0 |   0.0
     Lair:4 |    5236 |     904 |  14.7 |      28 |       5 |  15.2
     Lair:5 |    5127 |     455 |   8.2 |      21 |       3 |  12.5
     Lair:6 |    4529 |    4208 |  48.2 |      16 |      26 |  61.9
      Sewer |       0 |     239 | 100.0 |       0 |      24 | 100.0
   Gauntlet |       0 |    4226 | 100.0 |       0 |      12 | 100.0
            +---------+---------+-------+---------+---------+-------
